cohdb
Replays
Latest Replays
All Replays
Popular Replays
Top Player Replays
Match Explorer
How It Works
Community
CoH3 Stats
Reddit
Sign in to upload your games and track your stats! →
Sign in with Steam
Match 45670774
Unlisted
Match 45670774
Overview
Messages
Build Orders
End
Construct Barracks
Riflemen Squad
Riflemen Squad
Selects Heavy Weapons
M1 Mortar Team
Construct Weapon Support Center
M1919 Machine Gun Team
Grenade Package
Selects M2HB .50cal Heavy Machine Gun
Riflemen Squad
Air Support Center
Riflemen Squad
Selects Assault Carriers
Construct Medical Station
Double Sortie
Advanced Air Reconnaissance
P-47 Strafing Run
Bazooka Squad
Grasshopper High-Altitude Recon Run
P-47 Strafing Run
Grasshopper High-Altitude Recon Run
Selects Exchangeable Parts
Selects Gallant Stand
Grasshopper High-Altitude Recon Run
P-47 Dive Bomb
Construct Tank Depot
Selects Black Dragon Artillery Barrage
Engineer Squad
M4A1 Sherman Medium Tank
Grasshopper High-Altitude Recon Run
P-47 Dive Bomb
P-47 Strafing Run
M1 Mortar Team
P-47 Strafing Run
Engineer Squad
Grasshopper High-Altitude Recon Run
Don Pitudo
Mr. Jor
Racbear
Wolfslair
kirman
upomoc
0
0
Comments
sign in to comment!
No comments posted yet!